 Dungeon Crawl Stone Soup version 0.28-a0-589-g333b8329f1 (webtiles) character file.

Game seed: 13928320343240423323

387 jasper the Firebug (level 6, -2/48 HPs)
             Began as a Demonspawn Cinder Acolyte on Oct 3, 2021.
             Was a High Priest of Ignis.
             Slain by a wyvern (17 damage)
             ... on level 5 of the Dungeon.
             The game lasted 00:04:38 (3475 turns).

jasper the Firebug (Demonspawn Cinder Acolyte)      Turns: 3475, Time: 00:04:39

Health: -2/48      AC:  3    Str: 20    XL:     6   Next: 49%
Magic:  7/7        EV: 11    Int: 17    God:    Ignis [*****.]
Gold:   116        SH:  4    Dex:  9    Spells: 5/7 levels left

rFire   + . .      SeeInvis .   e - +2 dagger (venom)
rCold   + . .      Faith    .   (no shield)
rNeg    . . .      Spirit   .   h - +0 robe {rC+}
rPois   +          Reflect  .   (no helmet)
rElec   .          Harm     .   (no cloak)
rCorr   .          Rampage  .   l - +0 pair of gloves
Will    .....                   (no boots)
Stlth   +.........              (no amulet)
HPRegen 0.16/turn               n - ring of poison resistance
MPRegen 0.10/turn               i - +6 ring of strength

@: no status effects
A: claws 1, powered by death 2, condensation shield
a: Renounce Religion, Sea of Fire, Foxfire Swarm, Rising Flame


You were on level 5 of the Dungeon.
You worshipped Ignis.
Ignis was extremely pleased with you.
You visited 1 branch of the dungeon, and saw 5 of its levels.

You collected 116 gold pieces.

Inventory:

Hand Weapons
 a - a -1 falchion of flaming
 e - a +2 dagger of venom (weapon)
 s - a +4 antimagic hand axe
Missiles
 d - 17 poisoned darts (quivered)
 f - 132 stones
Armour
 b - a +0 robe
 c - a +0 chain mail
 h - a +0 robe of cold resistance (worn)
 l - a +0 pair of gloves (worn)
Jewellery
 i - a +6 ring of strength (right hand)
 n - a ring of poison resistance (left hand)
Potions
 g - a potion of magic {unknown}
 o - a potion of curing {unknown}


   Skills:
 + Level 3.8 Fighting
 - Level 3.3 Long Blades
 * Level 2.8 Unarmed Combat
 - Level 1.0 Spellcasting
 - Level 5.1 Fire Magic


You had 5 spell levels left.
You knew the following spells:

 Your Spells              Type           Power      Damage    Failure   Level
a - Scorch                Fire           36%        2d7       4%          2

Your spell library contained the following spells:

 Spells                   Type           Power      Damage    Failure   Level
 Gell's Gravitas          Tloc           0%         N/A       54%         3
 Lesser Beckoning         Tloc           0%         N/A       54%         3
 Teleport Other           Tloc           0%         N/A       54%         3


Dungeon Overview and Level Annotations

Branches:
Dungeon (4/15)
 Temple: D:4-7

Altars:
Dithmenos
Trog
Xom

Portals:
Sewer: D:4


Innate Abilities, Weirdness & Mutations

You have sharp fingernails.
You regenerate health from kills.
A meltable shield of frost defends you. (SH +4)


Message History

The wyvern bites you but does no damage.
You closely miss the wyvern.
The wyvern is moderately wounded.
The wyvern closely misses you. The wyvern barely misses you.
You hit the wyvern but do no damage.
The wyvern looks as sick as possible!
The wyvern is moderately wounded.
The wyvern misses you.
You hit the wyvern.
The wyvern looks as sick as possible!
The wyvern is heavily wounded.
The wyvern misses you.
You closely miss the wyvern.
The wyvern is heavily wounded.
The wyvern closely misses you. The wyvern bites you!
You take 13 damage, and have 35/48 hp.
MASSIVE DAMAGE!!
You closely miss the wyvern.
The wyvern is heavily wounded.
The wyvern hisses menacingly.
The wyvern barely misses you. The wyvern barely misses you.
The wyvern bites you!
You take 17 damage, and have 18/48 hp.
MASSIVE DAMAGE!!
You barely miss the wyvern.
The wyvern is severely wounded.
The wyvern closely misses you. The wyvern barely misses you.
You hit the wyvern.
The wyvern is severely wounded.
The wyvern bites you!
* * * LOW HITPOINT WARNING * * *
The wyvern bites you!
* * * LOW HITPOINT WARNING * * *
You take 17 damage, and have 2/48 hp.
MASSIVE DAMAGE!!
You feel much better. The wyvern bites you!
You regained 13 hp, and now have 15/48 hp.
You hit the wyvern but do no damage.
The wyvern is almost dead.
You block the wyvern's attack.
You hit the wyvern but do no damage.
The wyvern looks as sick as possible!
The wyvern is almost dead.
The wyvern closely misses you. The wyvern bites you!
You die...

#..............#
##.............#
##............#
##.).........# .##
##..........#
(..## ###.......##
#....#######....##
#...............#
........†.....l@#
........)########
..........##
...........##
.#..........#
#......>...#
##........##
##########


You could see a wyvern (extremely poisoned).

Vanquished Creatures
  Sigmund (D:2)
  A necrophage (D:3)
  A scorpion (D:5)
  A gnoll (D:3)
  2 adders (D:3)
  An adder skeleton (D:3)
  A worm (D:2)
  3 dart slugs
  5 orcs (D:3)
  4 bats
  An endoplasm (D:1)
  2 giant cockroaches (D:1)
  4 goblins
  4 hobgoblins
  4 jackals (D:3)
  2 quokkas
  3 ball pythons
  2 frilled lizards
  4 kobolds
  3 rats (D:1)
49 creatures vanquished.

Vanquished Creatures (others)
  An endoplasm (D:1)
  14 foxfires (D:2)
15 creatures vanquished.

Grand Total: 64 creatures vanquished

Notes
Turn   | Place    | Note
-------+----------+-------------------------------------------
     0 | D:1      | jasper the Demonspawn Cinder Acolyte began the quest for
                  | the Orb.
     0 | D:1      | Reached XP level 1. HP: 18/18 MP: 2/2
   476 | D:1      | Gained mutation: A meltable shield of frost defends you.
                  | (SH +4) [demonic ancestry]
   476 | D:1      | Reached XP level 2. HP: 23/24 MP: 3/3
   723 | D:1      | Learned a level 2 spell: Scorch
   815 | D:1      | Found a faded altar of an unknown god.
   994 | D:1      | Reached skill level 3 in Fire Magic
  1445 | D:2      | Noticed Sigmund
  1463 | D:2      | Killed Sigmund
  1464 | D:2      | Reached skill level 5 in Fire Magic
  1464 | D:2      | Gained mutation: You have sharp fingernails. [demonic
                  | ancestry]
  1464 | D:2      | Reached XP level 3. HP: 22/29 MP: 4/4
  1464 | D:2      | Gained mutation: You regenerate a little health from kills.
                  | [demonic ancestry]
  1464 | D:2      | Reached XP level 4. HP: 27/35 MP: 5/5
  1464 | D:2      | Gained mutation: You regenerate health from kills. [demonic
                  | ancestry]
  1464 | D:2      | Reached XP level 5. HP: 31/41 MP: 6/6
  2377 | D:3      | Reached skill level 1 in Unarmed Combat
  2535 | D:3      | Found a shimmering altar of Xom.
  2603 | D:3      | Found a shadowy altar of Dithmenos.
  2613 | D:3      | Noticed a necrophage
  2622 | D:3      | Killed a necrophage
  2623 | D:3      | Reached XP level 6. HP: 29/47 MP: 4/7
  2976 | D:3      | Found a bloodstained altar of Trog.
  3412 | D:4      | Found a glowing drain.
  3412 | D:4      | You fall into a shaft and drop 1 floor!
  3412 | D:5      | Entered Level 5 of the Dungeon
  3452 | D:5      | Noticed a wyvern
  3472 | D:5      | HP: 2/48 [wyvern (10)]
  3475 | D:5      | Slain by a wyvern

Illustrated notes

Levels and vault maps discovered:
D:1:      dpeg_cavernosity, layout_rooms, basic_ecumenical_altar,
          serial_park_tiny_2, lemuel_flame_loot_1
D:2:      layout_loops_ring, uniq_sigmund
D:3:      layout_basic, lemuel_crystal_altar, xom_teletrap_fun, trog_antimagical
D:4:      layout_basic, minmay_temple_entry_grid, portal_sewer_entry_b,
          minivault_4
D:5:      layout_cave_pods, gammafunk_ghost_arena, uniq_ijyb,
          uniq_prince_ribbit1

Skill      XL: |  1  2  3  4  5 |
---------------+----------------+-----
Long Blades    | 3 |  3.3
Fire Magic     | 5 |  5.1
Unarmed Combat | 2 |  2.8
Fighting       | |  3.8
Spellcasting   | |  1.0

Action                   |  1- 3 |  4- 6 || total
-------------------------+-------+-------++-------
Melee: Falchion          |    27 |     6 ||    33
       Dagger            |    24 |    80 ||   104
       Unarmed           |       |     8 ||     8
Throw: Dart              |     7 |     1 ||     8
 Cast: Scorch            |       |     1 ||     1
Invok: Foxfire Swarm     |     1 |       ||     1
  Use: Scroll            |     1 |     6 ||     7
       Potion            |       |     1 ||     1
Armor: Chain mail        |    29 |     1 ||    30
       Robe              |       |    14 ||    14
Dodge: Dodged            |    13 |    46 ||    59
Block: Other             |     7 |    19 ||    26

Table legend: (Time is in decaauts)
 A = Elapsed time spent in this place.
 B = Non-inter-level travel time spent in this place.
 C = Inter-level travel time spent in this place.
 D = Time resting spent in this place.
 E = Time spent auto-exploring this place.
 F = Levels seen in this place.
 G = Mean time per level.
                   A        B        C        D        E       F      G
               +--------+--------+--------+--------+--------+-----+--------+
         Total |   3465 |   3293 |    172 |    627 |   2122 |   5 |  693.0 |
       Dungeon |   3465 |   3293 |    172 |    627 |   2122 |   5 |  693.0 |
               +--------+--------+--------+--------+--------+-----+--------+

Top non-repeatable levels by time:
     D:1: 1415 daAuts
     D:3: 1239 daAuts
     D:2: 742 daAuts
     D:5: 61 daAuts
     D:4: 6 daAuts
